 Dungeon Crawl Stone Soup version 0.30-a0-591-g3c58d2bc28 (webtiles) character file.

Game seed: 10714019461075888569

3278523 Khashishi the Conqueror (level 27, 323/323 HPs)
             Began as an Ogre Cinder Acolyte on Dec 31, 2022.
             Was an Elder of Okawaru.
             Escaped with the Orb
             ... and 5 runes on Jan 4, 2023!
             The game lasted 10:41:31 (67143 turns).

Khashishi the Conqueror (Ogre Cinder Acolyte)      Turns: 67143, Time: 10:41:32

Health: 323/323    AC: 21    Str: 30    XL:     27
Magic:  42/42      EV: 13    Int: 33    God:    Okawaru [****..]
Gold:   3611       SH:  5    Dex:  8    Spells: 9/50 levels left

rFire   + . .      SeeInvis +    C - +9 demon whip (freeze)
rCold   + . .      Faith    .    H - orb {mayhem}
rNeg    + + .      Spirit   .    T - quicksilver dragon scales "Alosam" {rC+ Will+ rCorr}
rPois   +          Reflect  +    y - +2 hat
rElec   +          Harm     +    k - +1 cloak of Ozutwig {Harm rN++ SInv}
rCorr   +          Rampage  .    (gloves unavailable)
Will    ++...      Archmagi +    (boots unavailable)
Stlth   +                        E - amulet "Guylonk" {Reflect Drain rElec rPois Int+6 SH+5}
HPRegen 0.73/turn                r - ring of the Mage {Wiz Archmagi}
MPRegen 0.28/turn                h - ring "Ylyun" {rElec rF+ Will- Int+6 Dex+4}

@: studying Fire Magic
A: large, unfitting armour, tough skin 1, high MP 1, mutation resistance 1,
inability to drink after injury 1
0: Orb of Zot
}: 5/15 runes: decaying, serpentine, slimy, silver, abyssal
a: Renounce Religion, Heroism, Finesse


You escaped.
You worshipped Okawaru.
Okawaru was greatly pleased with you.
You visited 12 branches of the dungeon, and saw 56 of its levels.
You visited the Abyss 1 time.
You visited 1 bazaar.
You also visited: Gauntlet and Ice Cave.

You collected 9227 gold pieces.
You spent 5616 gold pieces at shops.

Inventory:

Hand Weapons
 C - a +9 demon whip of freezing (weapon)
Missiles
 l - 44 large rocks (quivered)
 G - 31 atropa-tipped darts
 L - 4 boomerangs
 N - 21 javelins
 O - 3 throwing nets
 Q - 3 silver javelins
 Y - 6 datura-tipped darts
 Z - 2 curare-tipped darts
Armour
 j - +0 fire dragon scales
 k - the +1 cloak of Ozutwig (worn) {Harm rN++ SInv}
   (You found it on level 4 of the Snake Pit)

   rN:        It greatly protects you from negative energy.
   SInv:      It lets you see invisible.
   Harm:      It increases damage dealt and taken.
 y - a +2 hat (worn)
 D - the +0 troll leather armour of Nel Veon {rN+ Regen+ rCorr Str+4 Dex+2}
   (Okawaru gifted it to you on level 5 of the Realm of Zot)

   Str:       It affects your strength (+4).
   Dex:       It affects your dexterity (+2).
   rN:        It protects you from negative energy.
   Regen:     It increases your rate of health regeneration.
   rCorr:     It protects you from acid and corrosion.
 H - an orb of mayhem (worn)
 T - the quicksilver dragon scales "Alosam" (worn) {rC+ Will+ rCorr}
   (Okawaru gifted it to you on level 1 of the Depths)

   rC:        It protects you from cold.
   rCorr:     It protects you from acid and corrosion.
   Will:      It increases your willpower.
Jewellery
 e - a ring of protection from cold
 g - a ring of willpower
 h - the ring "Ylyun" (right hand) {rElec rF+ Will- Int+6 Dex+4}
   (You bought it in a shop on level 4 of the Snake Pit)

   [ring of intelligence]

   Int:       It affects your intelligence (+6).
   Dex:       It affects your dexterity (+4).
   rF:        It protects you from fire.
   rElec:     It insulates you from electricity.
   Will:      It decreases your willpower.
 r - the ring of the Mage (left hand) {Wiz Archmagi}
   (You bought it in a shop in a bazaar)

   [ring of wizardry]

   It improves your spell success rate.
   Archmagi:  It increases the power of your magical spells.
 A - the ring "Giud Foa" {rN+++ rCorr Dex+5 Slay-4}
   (You found it on level 2 of the Vaults)

   [ring of resist corrosion]

   Dex:       It affects your dexterity (+5).
   Slay:      It affects your accuracy & damage with ranged weapons and melee
   (-4).
   rN:        It renders you almost immune to negative energy.
   rCorr:     It protects you from acid and corrosion.
 E - the amulet "Guylonk" (around neck) {Reflect Drain rElec rPois Int+6 SH+5}
   (You bought it in a shop on level 4 of the Snake Pit)

   [amulet of reflection]

   It reflects blocked missile attacks.
   Int:       It affects your intelligence (+6).
   rElec:     It insulates you from electricity.
   rPois:     It protects you from poison.
   Drain:     It drains your maximum health when unequipped.
   SH:        It affects your SH (+5).
Wands
 i - a wand of quicksilver (18)
 u - a wand of roots (43)
 B - a wand of digging (2)
Scrolls
 d - 9 scrolls of immolation
 n - 13 scrolls of fear
 p - 22 scrolls of teleportation
 q - 9 scrolls of poison
 w - 11 scrolls of blinking
 x - a scroll of enchant armour
 F - 8 scrolls of fog
 J - 11 scrolls of vulnerability
 K - a scroll of silence
 V - a scroll of amnesia
Potions
 b - 3 potions of haste
 c - 22 potions of curing
 f - 6 potions of attraction
 m - 5 potions of lignification
 o - a potion of cancellation
 s - 5 potions of mutation
 t - 4 potions of might
 v - 13 potions of flight
 z - a potion of brilliance
 I - 6 potions of heal wounds
 M - 2 potions of invisibility
 P - a potion of magic
 U - 2 potions of ambrosia
Miscellaneous
 a - a condenser vane
 R - a lightning rod (4/4)
 S - a phial of floods


   Skills:
 O Level 27 Fighting
 - Level 3.9(16.1) Axes
 - Level 21.8(22.0) Maces & Flails
 + Level 25.5 Throwing
 + Level 15.9 Armour
 + Level 15.0 Dodging
 - Level 2.6 Stealth
 - Level 7.0 Shields
 - Level 12.0 Spellcasting
 - Level 14.0 Translocations
 - Level 3.0 Fire Magic
 - Level 4.0 Ice Magic
 - Level 14.0 Invocations
 - Level 4.0 Evocations


You had 9 spell levels left.
You knew the following spells:

 Your Spells              Type           Power      Damage    Failure   Level
a - Scorch                Fire           100%       2d10      1%          2
b - Ozocubu's Armour      Ice            63%        N/A       1%          3
c - Frozen Ramparts       Ice            100%       1d16      1%          3
d - Apportation           Tloc           100%       N/A       0%          1
e - Blink                 Tloc           100%       N/A       0%          2
f - Manifold Assault      Tloc           100%       N/A       1%          4
g - Gell's Gravitas       Tloc           100%       N/A       1%          3
h - Kindle Blastsparks    Fire/Tloc/Air  100%       2d18      1%          3
i - Disjunction           Tloc           53%        N/A       24%         8
t - Teleport Other        Tloc           100%       N/A       1%          3
B - Lesser Beckoning      Tloc           100%       N/A       1%          3
D - Dispersal             Tloc           53%        N/A       1%          6

Your spell library contained the following spells:

 Spells                   Type           Power      Damage    Failure   Level
 Beastly Appendage        Tmut           58%        N/A       1%          1
 Kiss of Death            Conj/Necr      100%       2d13      1%          1
 Necrotise                Necr           100%       1d9       1%          1
 Shock                    Conj/Air       100%       1d9       1%          1
 Cigotuvi's Dreadful Rot  Necr/Pois/Air  58%        N/A       1%          2
 Ensorcelled Hibernation  Hex/Ice        98%        N/A       1%          2
 Momentum Strike          Conj/Tloc      100%       3d10      1%          2
 Sublimation of Blood     Necr           29%        N/A       1%          2
 Wereblood                Tmut           29%        N/A       1%          2
 Hailstorm                Conj/Ice       49%        3d11      1%          3
 Inner Flame              Hex/Fire       44%        N/A       1%          3
 Vhi's Electric Charge    Tloc/Air       100%       N/A       1%          3
 Iskenderun's Mystic Bla  Conj/Tloc      78%        2d16      1%          4
 Ignite Poison            Fire/Tmut/Pois 39%        N/A       2%          3
 Dazzling Flash           Conj/Hex       58%        N/A       3%          3
 Mephitic Cloud           Conj/Pois/Air  29%        N/A       3%          3
 Spider Form              Tmut/Pois      29%        N/A       3%          3
 Swiftness                Air            29%        N/A       3%          3
 Vampiric Draining        Necr           29%        2d8       3%          3
 Ice Form                 Ice/Tmut       49%        N/A       5%          4
 Flame Wave               Conj/Fire      44%        2d11      6%          4
 Sticky Flame             Conj/Fire      44%        2d6       6%          4
 Airstrike                Air            14%        2d(3-19)  12%         4
 Anguish                  Hex/Necr       14%        N/A       12%         4
 Cause Fear               Hex            14%        N/A       12%         4
 Petrify                  Tmut/Erth      29%        N/A       12%         4
 Metabolic Englaciation   Hex/Ice        24%        N/A       14%         5
 Freezing Cloud           Conj/Ice/Air   21%        6-21      19%         5
 Agony                    Necr           29%        N/A       32%         5
 Alistair's Intoxication  Tmut/Pois      19%        N/A       32%         5
 Arcjolt                  Conj/Air       14%        1d24      32%         5
 Borgnjor's Vile Clutch   Necr/Erth      14%        N/A       32%         5
 Irradiate                Conj/Tmut      14%        3d16      32%         5
 Lee's Rapid Deconstruct  Erth           14%        3d9*      32%         5
 Lightning Bolt           Conj/Air       14%        1d28      32%         5
 Silence                  Hex/Air        14%        N/A       32%         5
 Starburst                Conj/Fire      22%        6d7       65%         6
 Statue Form              Tmut/Erth      19%        N/A       85%         6
 Storm Form               Tmut/Air       14%        N/A       100%        7
 Discord                  Hex            14%        N/A       100%        8
 Maxwell's Capacitive Co  Air            14%        ∞         100%        8
 Chain Lightning          Conj/Air       14%        3d19      100%        9
 Fire Storm               Conj/Fire      22%        8d6       100%        9
 Shatter                  Erth           14%        3d14*     100%        9
 Summon Ice Beast         Ice/Summ       Unusable   N/A       N/A         4
 Animate Dead             Necr           Unusable   N/A       N/A         4
 Summon Lightning Spire   Summ/Air       Unusable   N/A       N/A         4
 Simulacrum               Ice/Necr       Unusable   N/A       N/A         6
 Death Channel            Necr           Unusable   N/A       N/A         6
 Infestation              Necr           Unusable   N/A       N/A         8

Dungeon Overview and Level Annotations

Branches:
Dungeon (15/15)            Temple (1/1) D:4            Lair (5/5) D:10
  Swamp (4/4) Lair:2        Snake (4/4) Lair:2        Slime (5/5) Lair:4
    Orc (2/2) D:12            Elf (3/3) Orc:2        Vaults (5/5) D:13
  Crypt (3/3) Vaults:2       Tomb (0/3) Crypt:3      Depths (4/4) D:15
    Zot (5/5) Depths:4      IceCv (visited)         Gauntlet (visited)

Altars:
Ashenzari
Cheibriados
Dithmenos
Elyvilon
Fedhas
Gozag
Hepliaklqana
Kikubaaqudgha
Makhleb
Nemelex Xobeh
Okawaru
Qazlal
Ru
Sif Muna
Trog
Uskayaw
Vehumet
Wu Jian
Xom
Yredelemnul
Zin
The Shining One
Jiyva

Shops:
Orc:2 (*:[   Elf:1 :   Elf:2 ::   Elf:3 *   Snake:3 *:   Snake:4 ?=
Vaults:1 *   Vaults:3 =   Vaults:5 *   Depths:2 [

Portals:
Hell: Depths:1 Depths:2 Depths:3 Depths:4
Abyss: Depths:3
Pandemonium: Depths:1 Depths:2 Depths:4
Ziggurat: Depths:4

Annotations:
D:10 2 transporters
Swamp:3 2 transporters, Eboth's ghost, adept GnFi
Vaults:3 2 transporters, exclusion: orange crystal statue


Innate Abilities, Weirdness & Mutations

You are too large for most types of armour.
You have tough skin. (AC +1)
You have an increased reservoir of magic. (+10% MP)
You are somewhat resistant to further mutation.
You occasionally lose the ability to drink potions when taking damage.


Message History

Casting: Dispersal (mildly dangerous; 1% risk of failure)
Confirm with . or Enter, or press ? or * to list all spells.
Aiming: Apportation (safe; 0% risk of failure)
Press: ? - help, Dir - move target Apport: 2 large rocks You feel a surge of power!
Yoink!
You pull the items towards yourself.
Casting: Apportation (safe; 0% risk of failure)
Confirm with . or Enter, or press ? or * to list all spells.
Aiming: Apportation (safe; 0% risk of failure)
Press: ? - help, Dir - move target Apport: a large rock You feel a surge of power!
Yoink!
You pull the item towards yourself.
l - 44 large rocks (gained 3)
(D) Dungeon (T) Temple (L) Lair (S) Swamp (P) Snake Pit (M) Slime Pits (O) Orcish Mines (E) Elven Halls (V) Vaults (C) Crypt (W) Tomb (U) Depths (H) Hell (Z) Zot
Where to? (Enter - D:1, ? - help)
There is an open door here.
There is a stone staircase leading up here.
You climb upwards.
There is a stone staircase leading down here.
There is an open door here.
There is a stone staircase leading up here.
You climb upwards.
There is a stone staircase leading down here.
You see here a +0 club.
There is a stone staircase leading up here.
You climb upwards.
There is a stone staircase leading down here.
There is a stone staircase leading up here.
You climb upwards.
There is a stone staircase leading down here.
You see here a +0 short sword.
There is an open door here.
There is an open door here.
There is a staircase leading out of the dungeon here.
You have escaped!

#.....######.....#..###....#...
#.....#....#.######...#....#...
#....##.##.#......###.##...#...
#...'#..##.######.#...##'..#..#
#...#..###.# #....#.###.#..#...
#..#######.###.####.#...##.#...
#..######...##'####.#.####.#.#.
#..##.....#.+...+.....####.#.##
#..'..#######.@.#######..'.#.##
#..####.....'...+.#.....##.#..#
#..####.#.####'##...######.##..
#..##...#.####.###.#######.####
#...#.###.#....# #.###..#..# #
#...+##...#.######.##..#'..# #
#....##.###......#.##.##...####
#.....#...######.#....#....#...
#.....###..#.....######....#...


There were no monsters in sight!

Vanquished Creatures
  the Royal Jelly (Slime:5)
  5 dread liches
  7 ancient liches
  4 orbs of fire (Zot:5)
  Mara (Snake:4)
  A juggernaut (Depths:2)
  9 Killer Klowns
  3 curse toes
  Xtahua (Arena)
  A caustic shrike (Depths:2)
  Nikola (Snake:4)
  11 golden dragons
  A pearl dragon (Abyss:4)
  6 electric golems
  6 bone dragons
  A hellephant (Zot:2)
  Zenata (Arena)
  Jorgrun (Swamp:1)
  A Hell Sentinel (Abyss:4)
  Mlioglotl (Swamp:3)
  21 tentacled monstrosities
  A walking earthen tome (Depths:4)
  3 deep elf blademasters
  3 deep elf master archers (Elf:3)
  9 liches
  22 Orb Guardians
  A walking crystal tome (Depths:3)
  2 titans (Vaults:5)
  Asterion (Elf:3)
  8 quicksilver dragons
  2 Executioners
  21 acid blobs
  4 sphinxes
  11 tentacled starspawn
  5 death cobs
  6 ancient champions
  The ghost of Ocirch the Deadly Accurate, an adept DsGl of Dithmenos (Snake:3)
  Kirke (Swamp:2)
  11 storm dragons
  6 tengu reavers
  10 shadow dragons
  2 revenants
  11 azure jellies
  2 fenstrider witches
  3 draconian monks
  Donald (Elf:1)
  4 nagarajas
  6 rockslimes
  5 fire giants
  2 iron dragons
  13 vault wardens
  5 frost giants
  3 ghost moths
  Aizul (Snake:3)
  4 draconian knights
  10 deep elf sorcerers
  A balrug (Depths:1)
  6 draconian scorchers
  6 ghouls
  3 orc warlords
  2 curse skulls (Crypt:3)
  A draconian shifter (Zot:1)
  2 draconian annihilators
  6 deep elf elementalists
  10 quicksilver oozes
  17 very ugly things
  8 ironbound preservers
  A juggernaut skeleton (Abyss:4)
  An ophan (Abyss:3)
  11 vampire knights
  13 green draconians
  5 ironbound thunderhulks
  17 stone giants
  A cacodemon (D:9)
  8 black draconians
  5 war gargoyles
  6 deep elf demonologists
  6 deep elf annihilators
  A lorocyproca (D:9)
  4 eleionomae
  3 bunyips
  9 dire elephants
  2 white draconians
  A minotaur (Gauntlet)
  5 purple draconians
  7 yellow draconians
  8 red draconians
  8 ettins
  An eidolon (Crypt:2)
  8 fire dragons
  4 jiangshi
  4 crystal guardians
  4 deep elf death magi
  A green death (D:5)
  A blizzard demon (Depths:4)
  7 yaktaur captains
  An entropy weaver (Vaults:5)
  Josephine (Lair:4)
  3 deep elf high priests
  2 spriggan zombies
  31 vault guards
  2 salamander tyrants (Snake:4)
  5 rakshasas
  A great orb of eyes (shapeshifter) (Vaults:5)
  16 great orbs of eyes
  A shambling mangrove (Swamp:4)
  4 catoblepae
  2 hell beasts (Depths:1)
  2 ironbound frosthearts
  6 ice dragons
  2 peacekeepers
  A fenstrider witch zombie (Crypt:1)
  3 ogre magi (Vaults:5)
  7 spriggan air magi
  17 hydras
  3 ghost crabs
  8 boulder beetles
  9 anacondas
  An anaconda (shapeshifter) (Vaults:5)
  2 death knights
  5 centaur warriors
  The ghost of Shayle the Slicer, a journeyman TeRe (Lair:2)
  27 dancing weapons
  5 deep troll shamans
  4 deep troll earth magi (Depths:3)
  5 tengu warriors
  8 two-headed ogres
  13 alligators
  3 orc high priests
  A titan zombie (Crypt:1)
  7 vampire magi
  4 hell hogs
  20 naga warriors
  10 spriggan berserkers
  15 naga sharpshooters
  5 shock serpents
  A soul eater (Crypt:3)
  17 hell knights
  Amaemon (D:8)
  27 deep elf knights
  A fire crab (Lair:5)
  10 thrashing horrors
  15 wretched stars
  3 salamander mystics (Snake:4)
  7 sixfirhies
  4 sun demons
  5 iron trolls
  2 shadow wraiths
  3 spatial maelstroms
  A sea snake (shapeshifter) (Vaults:5)
  A naga ritualist (Snake:2)
  3 goliath frogs
  A quicksilver dragon simulacrum (Depths:1)
  A spectral death yak (Lair:2)
  3 spriggan druids
  36 deep trolls
  26 skeletal warriors
  5 flayed ghosts
  11 glowing orange brains
  12 ironbound convokers
  7 swamp dragons
  A bunyip skeleton (Crypt:2)
  14 large abominations
  6 bog bodies
  37 deep elf pyromancers
  16 deep elf archers
  35 ugly things
  6 wizards
  9 phantasmal warriors
  4 lindwurms (Vaults:2)
  A wolf spider (D:15)
  A goliath frog zombie (Crypt:3)
  26 deep elf zephyrmancers
  A manticore (shapeshifter) (D:9)
  6 orc sorcerers
  12 orc knights
  A fire giant zombie (Crypt:2)
  7 necromancers
  5 shining eyes
  5 cyclopes
  17 starcursed masses
  3 manticores
  6 harpies
  6 mana vipers
  A salamander (shapeshifter) (Elf:2)
  A will-o-the-wisp (Swamp:4)
  9 worldbinders
  23 moths of wrath
  3 human skeletons (Vaults:2)
  12 salamanders
  A fire giant skeleton (Vaults:2)
  13 elephants
  2 shock serpent zombies (Crypt:1)
  An apocalypse crab (Abyss:2)
  6 eyes of devastation
  18 naga magi
  A moth of wrath (shapeshifter) (Depths:4)
  16 vault sentinels
  36 black mambas
  Joseph (Lair:1)
  4 guardian serpents
  A rust devil (Depths:1)
  A dire elephant zombie (Crypt:1)
  3 ice statues (IceCv)
  3 molten gargoyles (Lair:5)
  5 orange demons
  A torpor snail (Lair:1)
  7 smoke demons
  A gargoyle (D:11)
  6 freezing wraiths
  4 unseen horrors
  7 cane toads
  A cane toad (shapeshifter) (D:11)
  A dire elephant skeleton (Crypt:3)
  3 ice devils
  2 komodo dragons (shapeshifter)
  10 komodo dragons
  5 efreet
  4 kobold demonologists
  22 yaktaurs
  10 ancient zymes
  4 tengu conjurers
  A merfolk (shapeshifter) (Vaults:4)
  A death yak skeleton (Crypt:1)
  A white draconian skeleton (Crypt:3)
  A queen bee (Abyss:4)
  A harpy zombie (Abyss:1)
  A red devil (Depths:1)
  2 hellwings
  4 bloated husks
  15 hornets
  4 meliai (Abyss:4)
  6 trolls
  5 polar bears
  A minotaur skeleton (Crypt:1)
  A tarantella (Vaults:3)
  A wolf spider simulacrum (Gauntlet)
  9 tyrant leeches
  An iron troll skeleton (Crypt:3)
  7 blink frogs
  A spectral dream sheep (Lair:2)
  A stone giant simulacrum (Crypt:1)
  2 raiju (shapeshifter)
  21 raiju
  A harpy skeleton (Crypt:1)
  21 flying skulls
  72 slime creatures
  An ice dragon zombie (Crypt:2)
  Sigmund (D:5)
  An air elemental (Elf:2)
  A black mamba zombie (Crypt:3)
  16 spriggans
  2 culicivoras
  13 wraiths
  2 vampires
  2 water elementals
  23 fire elementals
  41 yaks
  A yak (shapeshifter) (D:11)
  4 wyverns
  11 basilisks
  8 ynoxinuls
  2 fire bats (Abyss:3)
  A dire elephant simulacrum (IceCv)
  A satyr skeleton (Crypt:1)
  2 hogs (Swamp:2)
  10 golden eyes
  9 chaos spawn
  5 neqoxecs
  3 steam dragons
  24 humans
  Eustachio (D:4)
  A death yak simulacrum (IceCv)
  2 redbacks
  7 spatial vortices
  A spectral komodo dragon (Lair:2)
  4 wargs
  A harpy simulacrum (Gauntlet)
  6 vampire mosquitoes
  14 swamp worms
  A deep troll zombie (Crypt:1)
  A two-headed ogre zombie (Crypt:1)
  48 nagas
  3 acid dragons
  A water moccasin (shapeshifter) (D:11)
  A meliai simulacrum (D:12)
  A fire bat skeleton (Crypt:3)
  9 water moccasins
  2 floating eyes
  A glowing shapeshifter skeleton (Vaults:2)
  2 hydra simulacra
  9 hell hounds
  28 orc warriors
  6 swamp drakes (Swamp:4)
  2 sky beasts
  A swamp dragon zombie (Crypt:2)
  3 black bears
  15 wolves
  A torpor snail zombie (Crypt:2)
  14 boggarts
  3 centaurs
  6 ogres
  9 bullfrogs
  4 kobold brigands
  2 gnoll sergeants (D:11)
  6 necrophages
  2 scorpions
  2 cane toad simulacra (IceCv)
  4 earth elementals
  4 wights
  2 elephant simulacra (IceCv)
  5 killer bees (D:9)
  A troll skeleton (Crypt:2)
  A swamp dragon simulacrum (Crypt:1)
  A torpor snail simulacrum (Lair:2)
  An electric eel (D:12)
  5 howler monkeys
  18 small abominations
  5 lava snakes (Lair:5)
  A hound (D:7)
  A komodo dragon simulacrum (Lair:2)
  2 quasits
  10 jellies
  12 orc priests
  An iron imp (Abyss:3)
  Natasha (D:4)
  2 iguanas
  21 orc wizards
  A black bear skeleton (Crypt:1)
  A spriggan simulacrum (D:12)
  2 polar bear simulacra
  4 troll simulacra (D:12)
  3 wolf simulacra
  A sky beast zombie (Crypt:1)
  3 centaur simulacra
  A deep dwarf skeleton (Crypt:3)
  A hound zombie (Crypt:3)
  A naga skeleton (Crypt:2)
  Robin (D:3)
  8 gnolls
  9 adders
  A shadow imp (D:6)
  6 white imps
  4 ufetubi
  2 worms
  A dart slug (D:1)
  79 orcs
  3 ball pythons
  11 endoplasms
  2 giant cockroaches (D:2)
  13 goblins
  10 hobgoblins
  6 jackals
  4 quokkas
  2 bats
  4 frilled lizards
  A gnoll zombie (Crypt:3)
  18 kobolds
  5 rats
  10 starspawn tentacles
2339 creatures vanquished.

Vanquished Creatures (collateral kills)
  A curse toe (Zot:5)
  A tentacled monstrosity (Zot:3)
  2 liches
  3 Orb Guardians (Zot:5)
  2 acid blobs (Slime:5)
  A tentacled starspawn (Abyss:3)
  2 ancient champions (Crypt:3)
  A tengu reaver (Vaults:5)
  A draconian monk (Zot:4)
  A nagaraja (Snake:4)
  A storm dragon (Zot:3)
  A fire giant (Depths:3)
  3 rockslimes
  2 deep elf sorcerers
  2 draconian shifters
  A frost giant (Depths:3)
  A balrug (Zot:1)
  A draconian stormcaller (Zot:3)
  2 ghouls
  An orc warlord (Vaults:3)
  3 ironbound preservers
  A stone giant (Vaults:5)
  5 very ugly things
  4 quicksilver oozes
  A vampire knight (Crypt:3)
  An ironbound thunderhulk (Vaults:3)
  2 green draconians
  2 black draconians
  3 dire elephants
  A bunyip (Swamp:4)
  A deep elf demonologist (Vaults:5)
  A spark wasp (Depths:3)
  2 red draconians
  A yellow draconian (Zot:2)
  4 white draconians
  An ettin (Depths:1)
  An entropy weaver (Vaults:3)
  2 yaktaur captains
  3 vault guards
  An ice dragon (Depths:3)
  A hydra (Swamp:4)
  An ogre mage (D:15)
  2 centaur warriors (Vaults:2)
  2 dancing weapons
  A death knight (Abyss:4)
  4 naga warriors
  2 tengu warriors
  A hell hog (Abyss:3)
  A deep troll earth mage (Depths:3)
  A thrashing horror (Abyss:3)
  A spriggan berserker (Depths:1)
  3 naga sharpshooters
  3 large abominations
  9 hell knights
  A deep elf knight (Elf:2)
  A titan skeleton (Vaults:2)
  An iron troll (Depths:3)
  A shadow wraith (Abyss:4)
  A salamander mystic (Snake:4)
  10 deep trolls
  7 skeletal warriors
  A flayed ghost (Crypt:3)
  A swamp dragon (Swamp:4)
  An ironbound convoker (Vaults:1)
  3 bog bodies
  2 wizards (Vaults:4)
  A phantasmal warrior (Vaults:5)
  7 harpies
  A lindwurm (Vaults:2)
  3 deep elf pyromancers
  A necromancer (Depths:4)
  5 deep elf zephyrmancers
  A jorogumo zombie (Crypt:3)
  A mana viper (Snake:4)
  An orc sorcerer (Orc:2)
  8 ugly things
  A moth of wrath (Zot:3)
  2 salamanders
  A vault sentinel (Vaults:1)
  An elephant (Zot:2)
  A smoke demon (Abyss:4)
  An orange demon (Abyss:3)
  6 naga magi
  A yaktaur (shapeshifter) (Vaults:2)
  2 elf skeletons (Vaults:2)
  An alligator snapping turtle skeleton (Crypt:3)
  2 yaktaurs
  2 human skeletons (Vaults:2)
  2 raiju
  A tarantella (shapeshifter) (Depths:4)
  A boulder beetle zombie (Crypt:3)
  14 slime creatures
  2 flying skulls
  An ettin skeleton (Crypt:3)
  A yak (D:12)
  A basilisk (D:12)
  13 nagas
  A spectral torpor snail (Lair:2)
  6 orc warriors
  2 ogres
  A necrophage (Crypt:3)
  A queen bee zombie (Crypt:2)
  An orc priest (Orc:2)
  2 orcs
  A starspawn tentacle (Abyss:4)
233 creatures vanquished.

Vanquished Creatures (others)
  Saint Roka (Depths:1)
  A lich (Vaults:5)
  2 Orb Guardians (Zot:5)
  An acid blob (Slime:1)
  A tentacled starspawn (Abyss:4)
  3 death cobs
  2 starcursed masses (Abyss:4)
  A draconian monk (Zot:1)
  A storm dragon (Zot:4)
  A tengu reaver (Vaults:5)
  A draconian knight (Zot:4)
  3 azure jellies
  A vault warden (Vaults:4)
  A deep elf sorcerer (Elf:3)
  A draconian stormcaller (Zot:2)
  2 ironbound preservers (Vaults:3)
  A stone giant (Depths:2)
  A deep elf demonologist (Elf:3)
  2 black draconians (Zot:3)
  A green draconian (Zot:2)
  A yellow draconian (Zot:2)
  A spark wasp (Depths:3)
  3 deep elf death magi
  2 fire dragons
  A great orb of eyes (Slime:5)
  A centaur warrior (D:8)
  A spriggan air mage (Depths:3)
  A tengu warrior (Depths:2)
  A deep troll shaman (Depths:3)
  An orc high priest (Orc:2)
  2 naga sharpshooters
  A hell knight (Depths:2)
  A deep elf knight (Elf:2)
  A skeletal warrior (Crypt:1)
  2 salamander mystics (Snake:4)
  A spriggan druid (Swamp:4)
  3 deep trolls
  3 ironbound convokers
  A deep elf archer (Elf:2)
  A wizard (Vaults:1)
  A lindwurm (Vaults:2)
  2 deep elf zephyrmancers
  2 orc knights
  3 deep elf pyromancers
  2 salamanders (Snake:4)
  3 ugly things (Vaults:4)
  An elephant (Zot:2)
  A vault sentinel (Vaults:4)
  2 naga magi
  A black mamba (Snake:4)
  A freezing wraith (Abyss:3)
  A yaktaur (Vaults:4)
  2 bloated husks
  2 raiju
  A culicivora (shapeshifter) (Vaults:5)
  3 flying skulls
  7 slime creatures
  A spriggan (Swamp:1)
  A wraith (Crypt:2)
  A human (D:13)
  A swamp worm (Swamp:3)
  6 nagas
  2 swamp drakes (Swamp:4)
  A hell hound (Abyss:4)
  2 orc warriors
  A sky beast (D:8)
  A boggart (Vaults:3)
  A kobold brigand (D:8)
  A necrophage (Crypt:3)
  A howler monkey (D:8)
  A quasit (Abyss:4)
  A gnoll bouda (D:8)
  32 foxfires
  32 fungi
  3 lurking horrors
  35 plants
  14 starspawn tentacles
230 creatures vanquished.

Grand Total: 2802 creatures vanquished

Notes
Turn   | Place    | Note
-------+----------+-------------------------------------------
     0 | D:1      | Khashishi the Ogre Cinder Acolyte began the quest for the
                  | Orb.
     0 | D:1      | Reached XP level 1. HP: 24/24 MP: 2/2
   272 | D:1      | Reached XP level 2. HP: 33/33 MP: 3/3
   275 | D:1      | Learned a level 2 spell: Scorch
   281 | D:1      | Found a faded altar of an unknown god.
   926 | D:2      | Reached XP level 3. HP: 39/41 MP: 1/5
   937 | D:2      | Reached skill level 5 in Fighting
  1143 | D:2      | You fall into a shaft and drop 2 floors!
  1389 | D:4      | Reached XP level 4. HP: 15/50 MP: 2/7
  1588 | D:4      | Found a staircase to the Ecumenical Temple.
  1597 | Temple   | Entered the Ecumenical Temple
  2069 | D:3      | Noticed Robin
  2080 | D:3      | Reached XP level 5. HP: 56/58 MP: 0/9
  2080 | D:3      | Killed Robin
  2158 | D:4      | Noticed Natasha
  2165 | D:4      | Killed Natasha
  2166 | D:4      | Reached skill level 1 in Throwing
  2296 | D:3      | Found a broken altar of Ashenzari.
  2730 | D:4      | Reached skill level 6 in Fighting
  2730 | D:4      | Reached XP level 6. HP: 51/68 MP: 1/10
  2784 | D:4      | Noticed Eustachio
  2804 | D:4      | Killed Eustachio
  2805 | D:4      | Reached skill level 7 in Fighting
  2958 | D:4      | Reached XP level 7. HP: 71/78 MP: 2/11
  3247 | D:5      | Entered Level 5 of the Dungeon
  3391 | D:5      | Found a glowing silver altar of Zin.
  3554 | D:5      | Found a shadowy altar of Dithmenos.
  3579 | D:5      | Reached skill level 8 in Fighting
  3639 | D:5      | Noticed Sigmund
  3646 | D:5      | Killed Sigmund
  3915 | D:5      | Reached XP level 8. HP: 13/85 MP: 2/12
  3920 | D:5      | Reached skill level 9 in Fighting
  3920 | D:5      | Reached skill level 5 in Throwing
  4482 | D:6      | Reached skill level 10 in Fighting
  4596 | D:6      | Reached skill level 1 in Maces & Flails
  4646 | D:6      | Found a shimmering blue altar of Sif Muna.
  4681 | D:6      | Found a white marble altar of Elyvilon.
  4713 | D:6      | Identified the +2 leather armour "Golamus" {rElec rPois
                  | Str+3}
  4920 | D:7      | Reached XP level 9. HP: 102/102 MP: 2/14
  5717 | D:8      | Found a glowing golden altar of the Shining One.
  5717 | D:8      | Found an iron altar of Okawaru.
  5725 | D:8      | Found a radiant altar of Vehumet.
  5842 | D:8      | Noticed Amaemon
  5844 | D:8      | Noticed an orange demon
  5855 | D:8      | Killed Amaemon
  5856 | D:8      | Reached skill level 11 in Fighting
  5856 | D:8      | Reached skill level 5 in Spellcasting
  6487 | D:8      | Reached XP level 10. HP: 87/112 MP: 2/18
  6635 | D:8      | Reached skill level 1 in Evocations
  6641 | D:8      | Reached skill level 1 in Armour
  6641 | D:8      | Reached skill level 1 in Dodging
  6710 | D:8      | Noticed a cyclops
  6710 | D:8      | Noticed a manticore
  6710 | D:8      | Noticed a centaur warrior
  6710 | D:8      | Noticed a centaur warrior
  6715 | D:8      | Killed a centaur warrior
  6733 | D:8      | Reached skill level 12 in Fighting
  6738 | D:8      | Killed a cyclops
  6741 | D:8      | Killed a centaur warrior
  6742 | D:8      | Reached skill level 5 in Maces & Flails
  6747 | D:8      | Killed a manticore
  7238 | D:8      | Killed an orange demon
  7287 | D:9      | Found a shimmering altar of Xom.
  7300 | D:9      | Reached XP level 11. HP: 111/124 MP: 19/19
  7705 | D:9      | Noticed a manticore
  7714 | D:9      | Killed a manticore
  7777 | D:10     | Entered Level 10 of the Dungeon
  7777 | D:10     | Found a transporter.
  7777 | D:10     | Found a transporter.
  8165 | D:9      | Reached skill level 13 in Fighting
  8278 | D:9      | Found a hazy altar of Hepliaklqana.
  8720 | D:10     | Found an ancient bone altar of Kikubaaqudgha.
  8778 | D:10     | Found a staircase to the Lair.
  9070 | D:10     | Noticed a two-headed ogre
  9087 | D:10     | Killed a two-headed ogre
  9757 | D:11     | Noticed a deep elf pyromancer
  9765 | D:11     | Killed a deep elf pyromancer
  9809 | D:11     | Noticed a boulder beetle
  9820 | D:11     | Killed a boulder beetle
  9821 | D:11     | Reached skill level 14 in Fighting
  9821 | D:11     | Reached skill level 10 in Throwing
  9821 | D:11     | Reached XP level 12. HP: 121/139 MP: 17/20
  9920 | D:11     | Noticed a five-headed hydra
 10221 | Lair:1   | Entered Level 1 of the Lair of Beasts
 10396 | Lair:1   | Noticed Joseph
 10415 | Lair:1   | Killed Joseph
 10726 | Lair:1   | Reached skill level 15 in Fighting
 10743 | Lair:1   | Reached skill level 1 in Stealth
 11124 | Lair:2   | Noticed a catoblepas
 11143 | Lair:1   | Killed a catoblepas
 11197 | Lair:2   | Found a runed translucent gate.
 11198 | Lair:2   | Found a runed translucent gate.
 11198 | Lair:2   | Found a runed translucent gate.
 11201 | Lair:2   | Noticed Shayle's ghost (journeyman TeRe)
 11230 | Lair:2   | Killed Shayle's ghost
 11300 | Lair:2   | Found a staircase to the Snake Pit.
 11372 | Lair:2   | Found a staircase to the Swamp.
 11394 | Lair:2   | Reached XP level 13. HP: 110/150 MP: 21/21
 11985 | Lair:2   | Learned a level 3 spell: Ozocubu's Armour
 12073 | Lair:3   | Reached skill level 1 in Ice Magic
 12166 | Lair:3   | Identified the +0 ring mail "Kofoeg" {Will+}
 12729 | Lair:4   | Noticed Josephine
 12846 | Lair:4   | Killed Josephine
 12988 | Lair:4   | Found a staircase to the Slime Pits.
 12988 | Lair:4   | Found a viscous altar of Jiyva.
 13717 | Lair:4   | Reached skill level 16 in Fighting
 13863 | Lair:5   | Entered Level 5 of the Lair of Beasts
 14021 | D:11     | Learned a level 3 spell: Frozen Ramparts
 14725 | D:12     | Found a frozen archway.
 14764 | IceCv    | Entered an ice cave
 14980 | IceCv    | Learned a level 1 spell: Apportation
 15084 | IceCv    | Learned a level 2 spell: Blink
 15089 | IceCv    | Learned a level 4 spell: Manifold Assault
 15252 | D:12     | Reached skill level 1 in Translocations
 15258 | D:12     | Found a staircase to the Orcish Mines.
 15643 | D:12     | Reached XP level 14. HP: 163/163 MP: 25/25
 15925 | D:12     | Reached skill level 10 in Maces & Flails
 16017 | D:11     | Fell from the grace of Ignis
 16110 | D:8      | Became a worshipper of Warmaster Okawaru
 16385 | Lair:5   | Learned a level 3 spell: Kindle Blastsparks
 16495 | Lair:5   | Reached * piety under Okawaru
 17034 | Lair:5   | Reached ** piety under Okawaru
 17274 | Lair:5   | Reached skill level 17 in Fighting
 17503 | Lair:5   | Reached skill level 5 in Armour
 17754 | Lair:5   | Reached *** piety under Okawaru
 17825 | Lair:5   | Received a gift from Okawaru
 17957 | Lair:5   | Found a large runed translucent door.
 17961 | Lair:5   | Found a large runed translucent door.
 18002 | Lair:5   | Reached skill level 5 in Translocations
 18354 | D:13     | Reached skill level 1 in Invocations
 18858 | D:13     | Reached **** piety under Okawaru
 18883 | D:13     | Received a gift from Okawaru
 18901 | D:13     | Found a gate to the Vaults.
 19017 | D:13     | Was forgiven by Ignis
 19157 | D:13     | Upgraded the game from 0.30-a0-576-g89cddaab80 to
                  | 0.30-a0-578-gdee14c521f
 19299 | D:14     | Reached XP level 15. HP: 174/174 MP: 28/28
 19351 | D:14     | Found a snail-covered altar of Cheibriados.
 19400 | D:14     | Received a gift from Okawaru
 19913 | D:14     | Received a gift from Okawaru
 20349 | D:15     | Entered Level 15 of the Dungeon
 20364 | D:15     | Found a gate leading to a gauntlet.
 20382 | Gauntlet | Entered a Gauntlet
 20382 | Gauntlet | Found a transporter.
 20382 | Gauntlet | Found a transporter.
 20382 | Gauntlet | Found a runed translucent door.
 20382 | Gauntlet | Found a runed translucent door.
 20390 | Gauntlet | Found a transporter.
 20396 | Gauntlet | Found a transporter.
 20404 | Gauntlet | Found a transporter.
 20408 | Gauntlet | Found a transporter.
 20416 | Gauntlet | Found a transporter.
 20433 | Gauntlet | Found a transporter.
 20440 | Gauntlet | Found a transporter.
 20459 | Gauntlet | Found a transporter.
 20469 | Gauntlet | Found a transporter.
 20473 | Gauntlet | Found a transporter.
 20605 | Gauntlet | Reached skill level 1 in Shields
 20688 | Gauntlet | Got Tecug's Directory of the Polar Sky
 20710 | Gauntlet | Received a gift from Okawaru
 20959 | D:15     | Received a gift from Okawaru
 21146 | D:15     | Reached ***** piety under Okawaru
 21157 | D:15     | Reached skill level 5 in Invocations
 21176 | D:15     | Received a gift from Okawaru
 21553 | D:15     | Found a staircase to the Depths.
 21769 | D:15     | Upgraded the game from 0.30-a0-578-gdee14c521f to
                  | 0.30-a0-585-g93115170b9
 21856 | Orc:1    | Entered Level 1 of the Orcish Mines
 21927 | Orc:1    | Noticed an orc warlord
 21933 | Orc:1    | Killed an orc warlord
 21933 | Orc:1    | Received a gift from Okawaru
 22306 | Orc:2    | Entered Level 2 of the Orcish Mines
 22345 | Orc:2    | Reached skill level 18 in Fighting
 22454 | Orc:2    | Found Mimody's General Store.
 22533 | Orc:2    | Bought a scroll of enchant weapon for 97 gold pieces
 22856 | Orc:2    | Identified the +1 giant club of the Forging Moth {flame,
                  | rElec rPois Str-2} (Okawaru gifted it to you on level 2 of
                  | the Orcish Mines)
 22856 | Orc:2    | Received a gift from Okawaru
 22895 | Orc:2    | Found Eneasis's Antique Weapon Boutique.
 23028 | Orc:2    | Found a staircase to the Elven Halls.
 23182 | Orc:2    | Found Leshro's Book Shop.
 23308 | Orc:2    | Found Qeunal's Antique Armour Emporium.
 23319 | Orc:2    | Bought a brightly glowing robe for 159 gold pieces
 23319 | Orc:2    | Identified the +0 robe of the Sun {Will++ Str+4 Int+2} (You
                  | bought it in a shop on level 2 of the Orcish Mines)
 23501 | Orc:2    | Bought a manual of Throwing for 1440 gold pieces
 23566 | D:12     | Upgraded the game from 0.30-a0-585-g93115170b9 to
                  | 0.30-a0-586-g23e55c9e0a
 23708 | Swamp:1  | Entered Level 1 of the Swamp
 23718 | Swamp:1  | Reached XP level 16. HP: 151/188 MP: 24/29
 23746 | Swamp:1  | Noticed Jorgrun
 24015 | Swamp:1  | Killed Jorgrun
 24619 | Swamp:2  | Noticed Kirke
 24640 | Swamp:2  | Killed Kirke
 24646 | Swamp:2  | Reached skill level 5 in Shields
 24842 | Swamp:2  | Received a gift from Okawaru
 24844 | Swamp:2  | Reached skill level 19 in Fighting
 25384 | Swamp:3  | Found a transporter.
 25385 | Swamp:3  | Noticed Eboth's ghost (adept GnFi)
 25404 | Swamp:3  | Received a gift from Okawaru
 25490 | Swamp:3  | Found a transporter.
 25604 | Swamp:3  | Noticed a fenstrider witch
 25620 | Swamp:3  | Killed a fenstrider witch
 25719 | Swamp:3  | Noticed Mlioglotl
 25726 | Swamp:3  | Killed Mlioglotl
 26003 | Swamp:4  | Entered Level 4 of the Swamp
 26006 | Swamp:4  | Received a gift from Okawaru
 26059 | Swamp:4  | Received a gift from Okawaru
 26176 | Swamp:4  | Received a gift from Okawaru
 26201 | Swamp:4  | Received a gift from Okawaru
 26247 | Swamp:4  | Got a decaying rune of Zot
 26265 | Swamp:4  | Received a gift from Okawaru
 26266 | Swamp:4  | Reached XP level 17. HP: 200/200 MP: 17/30
 26329 | Swamp:4  | Received a gift from Okawaru
 26541 | Swamp:4  | Received a gift from Okawaru
 26578 | Swamp:4  | Reached skill level 15 in Throwing
 26591 | Swamp:4  | Received a gift from Okawaru
 26697 | Swamp:4  | Reached skill level 20 in Fighting
 26703 | Swamp:4  | Reached skill level 10 in Invocations
 26954 | Snake:1  | Entered Level 1 of the Snake Pit
 27063 | Snake:1  | Received a gift from Okawaru
 27128 | Snake:1  | Received a gift from Okawaru
 27338 | Snake:1  | Received a gift from Okawaru
 27738 | Snake:1  | Identified the +3 leather armour of Dyspraxia {Str-4 Dex+4}
 28222 | Snake:2  | Identified the +9 mace of Luddan {heavy, *Slow rF+ Int+6
                  | SInv} (Okawaru gifted it to you on level 2 of the Snake
                  | Pit)
 28222 | Snake:2  | Received a gift from Okawaru
 28762 | Snake:2  | Identified the +6 rapier of Summertime {heavy, Dex+6}
 29513 | Snake:3  | Noticed Aizul
 29534 | Snake:3  | Killed Aizul
 29661 | Snake:3  | Found a large runed translucent door.
 29662 | Snake:3  | Found a large runed translucent door.
 29664 | Snake:3  | Noticed Ocirch's ghost (adept DsGl)
 29718 | Snake:3  | Found Selae's Gadget Gallery.
 29738 | Snake:3  | Bought a condenser vane for 560 gold pieces
 29810 | Snake:3  | Found Ukiweik's Book Shoppe.
 29844 | Snake:3  | Reached XP level 18. HP: 179/213 MP: 15/31
 29975 | Snake:3  | Received a gift from Okawaru
 30349 | Snake:3  | Killed Ocirch's ghost
 30388 | Snake:4  | Entered Level 4 of the Snake Pit
 30534 | Snake:4  | Identified the +1 cloak of Ozutwig {Harm rN++ SInv}
 30574 | Snake:4  | Noticed Nikola
 30577 | Snake:4  | Noticed Mara
 30586 | Snake:4  | Killed Nikola
 30587 | Snake:4  | Killed Mara
 30587 | Snake:4  | Identified the +4 war axe of Law {heavy, rCorr} (Okawaru
                  | gifted it to you on level 4 of the Snake Pit)
 30587 | Snake:4  | Received a gift from Okawaru
 30663 | Snake:4  | Reached skill level 21 in Fighting
 30938 | Snake:4  | Found Juab's Jewellery Shoppe.
 30942 | Snake:4  | Found Egea's Magic Scroll Shoppe.
 30967 | Snake:4  | Bought a scroll of enchant weapon for 97 gold pieces
 30967 | Snake:4  | Bought a scroll of blinking for 97 gold pieces
 30967 | Snake:4  | Bought a scroll of blinking for 97 gold pieces
 31135 | Snake:4  | Received a gift from Okawaru
 31169 | Snake:4  | Received a gift from Okawaru
 31186 | Snake:4  | Received a gift from Okawaru
 31238 | Snake:4  | Received a gift from Okawaru
 31409 | Snake:4  | Got a serpentine rune of Zot
 31632 | D:10     | Gained mutation: You occasionally lose the ability to drink
                  | potions when taking damage. [potion of mutation]
 31632 | D:10     | Gained mutation: You have hidden genetic defects. [potion
                  | of mutation]
 31632 | D:10     | Gained mutation: You are partially covered in iridescent
                  | scales. (AC +2) [potion of mutation]
 31633 | D:10     | Lost mutation: You have hidden genetic defects. [potion of
                  | mutation]
 31633 | D:10     | Lost mutation: You are partially covered in iridescent
                  | scales. (AC +2) [potion of mutation]
 31633 | D:10     | Gained mutation: You are somewhat resistant to further
                  | mutation. [potion of mutation]
 31633 | D:10     | Gained mutation: You have an increased reservoir of magic.
                  | (+10% MP) [potion of mutation]
 31761 | Vaults:1 | Entered Level 1 of the Vaults
 31885 | Vaults:1 | Reached ****** piety under Okawaru
 31947 | Vaults:1 | Reached XP level 19. HP: 224/224 MP: 35/35
 32004 | Vaults:1 | Learned a level 3 spell: Gell's Gravitas
 32008 | Vaults:1 | Learned a level 3 spell: Teleport Other
 32015 | Vaults:1 | Learned a level 6 spell: Dispersal
 32054 | Vaults:1 | Received a gift from Okawaru
 32202 | Vaults:1 | Received a gift from Okawaru
 32295 | Vaults:1 | Found Xiegevecs's General Store.
 33428 | Vaults:2 | Identified the ring "Giud Foa" {rN+++ rCorr Dex+5 Slay-4}
 33837 | Snake:4  | Bought the amulet "Guylonk" {Reflect Drain rElec rPois
                  | Int+6 SH+5} for 828 gold pieces
 34185 | Vaults:2 | Reached skill level 22 in Fighting
 34841 | Vaults:2 | Found a staircase to the Crypt.
 35172 | Vaults:3 | Received a gift from Okawaru
 35214 | Vaults:3 | Identified the +6 war axe of Baown {pain, MP+9} (Okawaru
                  | gifted it to you on level 3 of the Vaults)
 35214 | Vaults:3 | Received a gift from Okawaru
 35219 | Vaults:3 | Reached skill level 10 in Translocations
 35386 | Vaults:2 | Reached XP level 20. HP: 134/239 MP: 34/37
 35574 | Vaults:3 | Identified the +5 scale mail of the Elven Halls {Dex-5
                  | Slay+4}
 35779 | Vaults:3 | Found Yttiw's Jewellery Boutique.
 35842 | Vaults:3 | Found a transporter.
 35852 | Vaults:3 | Found a transporter.
 36217 | Vaults:3 | Received a gift from Okawaru
 36229 | Vaults:3 | Reached skill level 15 in Maces & Flails
 36716 | Vaults:4 | Received a gift from Okawaru
 36870 | Vaults:4 | Identified the +2 kite shield "Xoiptoeck" {rC+} (Okawaru
                  | gifted it to you on level 4 of the Vaults)
 36870 | Vaults:4 | Received a gift from Okawaru
 37142 | Vaults:4 | Reached skill level 23 in Fighting
 38178 | Elf:1    | Entered Level 1 of the Elven Halls
 38337 | Elf:1    | Reached XP level 21. HP: 207/247 MP: 24/38
 38373 | Elf:1    | Received a gift from Okawaru
 38553 | Elf:1    | Found Naexzy's Book Boutique.
 38691 | Elf:1    | Identified the +0 hat of Hedging {rN+ Str-3 Int+5} (Okawaru
                  | gifted it to you on level 1 of the Elven Halls)
 38691 | Elf:1    | Received a gift from Okawaru
 38751 | Elf:1    | Found a shimmering blue altar of Sif Muna.
 38755 | Elf:1    | Identified a scroll of acquirement
 39029 | Elf:1    | Noticed Donald
 39032 | Elf:1    | Killed Donald
 39454 | Elf:1    | Acquired 896 gold pieces
 39562 | Elf:2    | Found Neifeama's Self-Improvement Boutique.
 39773 | Elf:2    | Found Sitobb's Book Shoppe.
 40014 | Elf:2    | Found a runed translucent gate.
 40015 | Elf:2    | Found a runed translucent gate.
 40015 | Elf:2    | Found a runed translucent gate.
 40049 | Elf:2    | Paralysed by an air elemental for 1 turns
 40814 | Elf:3    | Entered Level 3 of the Elven Halls
 41006 | Elf:3    | Received a gift from Okawaru
 41034 | Elf:3    | Reached skill level 24 in Fighting
 41038 | Elf:3    | Reached skill level 10 in Spellcasting
 41124 | Elf:3    | Noticed Asterion
 41137 | Elf:3    | Killed Asterion
 41137 | Elf:3    | Received a gift from Okawaru
 41327 | Elf:3    | Received a gift from Okawaru
 41328 | Elf:3    | Reached XP level 22. HP: 225/263 MP: 35/39
 41363 | Elf:3    | Identified the +9 scimitar of the Sage {heavy, rCorr Str-5
                  | Stlth+}
 41474 | Elf:3    | Got the Directory of Blistering Hypothermia
 41489 | Elf:3    | Learned a level 3 spell: Lesser Beckoning
 41501 | Elf:3    | Got the Compendium of Frosty Spectres
 41861 | Elf:3    | Found Xusi's General Store.
 41868 | Elf:3    | Bought a potion of haste for 160 gold pieces
 42139 | Depths:1 | Entered Level 1 of the Depths
 42139 | Depths:1 | Found a radiant altar of Vehumet.
 42230 | Depths:1 | Found a gateway to Hell.
 42329 | Depths:1 | Noticed Saint Roka
 42331 | Depths:1 | Received a gift from Okawaru
 42355 | Depths:1 | Killed Saint Roka
 42362 | Depths:1 | Received a gift from Okawaru
 42384 | Depths:1 | You fall into a shaft and drop 1 floor!
 42492 | Depths:2 | Received a gift from Okawaru
 42499 | Depths:2 | Reached skill level 25 in Fighting
 42540 | Depths:2 | Noticed a juggernaut
 42556 | Depths:2 | Killed a juggernaut
 42779 | Depths:2 | Noticed a caustic shrike
 42784 | Depths:2 | Killed a caustic shrike
 42784 | Depths:2 | Received a gift from Okawaru
 43162 | Depths:2 | Found Kuotunuo's Antique Armour Shop.
 43537 | Depths:1 | Identified the quicksilver dragon scales "Alosam" {rC+
                  | Will+ rCorr} (Okawaru gifted it to you on level 1 of the
                  | Depths)
 43537 | Depths:1 | Received a gift from Okawaru
 43578 | Depths:1 | Found a one-way gate leading to the halls of Pandemonium.
 43645 | Depths:1 | Found a blossoming altar of Fedhas.
 44316 | Depths:2 | Reached XP level 23. HP: 278/278 MP: 40/40
 44363 | Depths:2 | Found an opulent altar of Gozag.
 44861 | Depths:3 | Found a one-way gate to the infinite horrors of the Abyss.
 44894 | Depths:3 | Found a flickering gateway to a bazaar.
 44905 | Bazaar   | Entered a bazaar
 44905 | Bazaar   | Found Ryesh's Antique Armour Boutique.
 44905 | Bazaar   | Found Feiff's Book Boutique.
 44905 | Bazaar   | Found Biesu's Assorted Antiques.
 44905 | Bazaar   | Found Fathromia's Distillery.
 44905 | Bazaar   | Found Joymicsu's Jewellery Boutique.
 44905 | Bazaar   | Found Ciunlov's Weapon Boutique.
 44924 | Bazaar   | Bought the ring of the Mage {Wiz Archmagi} for 663 gold
                  | pieces
 44924 | Bazaar   | Found the ring of the Mage {Wiz Archmagi}
 44936 | Bazaar   | Bought a potion of heal wounds for 50 gold pieces
 44936 | Bazaar   | Bought a potion of heal wounds for 50 gold pieces
 44936 | Bazaar   | Bought 2 potions of haste for 200 gold pieces
 44936 | Bazaar   | Bought a potion of mutation for 80 gold pieces
 44936 | Bazaar   | Bought a potion of might for 40 gold pieces
 44936 | Bazaar   | Bought 2 potions of brilliance for 80 gold pieces
 44981 | Depths:3 | Reached skill level 26 in Fighting
 45248 | Depths:4 | Entered Level 4 of the Depths
 45370 | Depths:4 | Found a one-way gateway to a ziggurat.
 45431 | Depths:4 | Noticed Xtahua
 45443 | Arena    | Entered the Arena
 45447 | Arena    | Killed Xtahua
 45495 | Depths:4 | Received a gift from Okawaru
 46027 | Depths:4 | Noticed a golden dragon
 46030 | Depths:4 | Killed a golden dragon
 46477 | Depths:4 | Identified the +0 kite shield of the Beekeeper {Fly Int-5
                  | Dex+4 Stlth+} (Okawaru gifted it to you on level 4 of the
                  | Depths)
 46477 | Depths:4 | Received a gift from Okawaru
 46519 | Depths:4 | Found a gate to the Realm of Zot.
 46519 | Depths:4 | Noticed a golden dragon
 46538 | Depths:4 | Killed a golden dragon
 47163 | Vaults:5 | Entered Level 5 of the Vaults
 47178 | Vaults:5 | Reached XP level 24. HP: 221/292 MP: 22/40
 47216 | Vaults:5 | Reached skill level 5 in Dodging
 47269 | Vaults:5 | Identified the amulet "Puacoiz" {Faith Fly Str+5 SInv
                  | Stlth+}
 47395 | Vaults:5 | Received a gift from Okawaru
 47614 | Vaults:5 | Reached skill level 10 in Armour
 47632 | Vaults:5 | Found Suwai's General Store.
 47721 | Vaults:5 | Reached skill level 27 in Fighting
 47750 | Vaults:5 | Found the dreamshard necklace {*Dream Drain}
 47831 | Vaults:5 | Got a silver rune of Zot
 48001 | Vaults:5 | Got the Secrets of the Summer and Terra Firma
 48008 | Vaults:5 | Found the necklace of Bloodlust {*Rage Will++ Int-3 Slay+6}
 48017 | Vaults:5 | Identified the +2 quarterstaff of Zin's Indignation {venom,
                  | Dex+2}
 48346 | Vaults:5 | Noticed an ancient lich
 48349 | Vaults:5 | Killed an ancient lich
 48448 | Vaults:5 | Identified the +1 pair of boots "Qionk" {rCorr}
 48488 | Vaults:5 | Identified the +6 chain mail of Xifad {Str+5}
 48550 | Vaults:5 | Identified the +3 ring mail "Gasatamp" {Int+3}
 48618 | Vaults:5 | Received a gift from Okawaru
 48899 | Vaults:5 | Identified the +6 scale mail of Action {rPois Str+6 Int-2
                  | Dex+3}
 48900 | Vaults:5 | Acquired 825 gold pieces
 49111 | Crypt:1  | Entered Level 1 of the Crypt
 49256 | Crypt:1  | Received a gift from Okawaru
 49467 | Crypt:1  | Noticed Zenata
 49478 | Arena    | Entered the Arena
 49485 | Arena    | Killed Zenata
 50399 | Crypt:2  | Reached XP level 25. HP: 304/304 MP: 39/41
 50526 | Crypt:2  | Found the +8 Vampire's Tooth {vamp}
 50528 | Crypt:2  | Identified the quicksilver dragon scales "Zuohyu Ocwi"
                  | {Rampage *Slow Fly rF+ Will+} (Okawaru gifted it to you on
                  | level 2 of the Crypt)
 50528 | Crypt:2  | Received a gift from Okawaru
 51050 | Crypt:3  | Entered Level 3 of the Crypt
 51262 | Crypt:3  | Noticed an ancient lich
 51263 | Crypt:3  | Killed an ancient lich
 51277 | Crypt:3  | Found a staircase to the Tomb.
 51328 | Crypt:3  | Identified the +1 scale mail of Rufugh {*Slow rF+ Regen+
                  | rCorr Dex+4}
 51643 | Crypt:3  | Found the +10 Black Knight's barding {ponderous, rPois rN+}
 51977 | Crypt:3  | Noticed a dread lich
 51977 | Crypt:3  | Noticed an ancient lich
 51996 | Crypt:3  | Killed an ancient lich
 52019 | Crypt:3  | Killed a dread lich
 52515 | Snake:4  | Bought the ring "Ylyun" {rElec rF+ Will- Int+6 Dex+4} for
                  | 918 gold pieces
 52710 | Slime:1  | Entered Level 1 of the Pits of Slime
 52875 | Slime:1  | Identified the +1 war axe "Ipnyis" {freeze, rCorr Int+2}
                  | (Okawaru gifted it to you on level 1 of the Pits of Slime)
 52875 | Slime:1  | Received a gift from Okawaru
 54473 | Slime:4  | Received a gift from Okawaru
 54787 | Slime:5  | Entered Level 5 of the Pits of Slime
 54880 | Slime:5  | Reached XP level 26. HP: 314/314 MP: 22/42
 54882 | Slime:5  | Noticed the Royal Jelly
 55035 | Slime:5  | Received a gift from Okawaru
 55054 | Slime:5  | Found a viscous altar of Jiyva.
 55107 | Slime:5  | Killed the Royal Jelly
 55134 | Slime:5  | Identified the +5 flail "Piseih" {pain, rElec rF- Int+2}
 55153 | Slime:5  | Identified the +8 quarterstaff "Roury" {heavy, Int+7
                  | Stlth-}
 55155 | Slime:5  | Identified the +6 scale mail "Tiyriok" {Contam rPois rC+
                  | Int+6}
 55188 | Slime:5  | Identified the +8 hand axe "Tohocic" {heavy, *Slow rElec
                  | Str-3 Int+6}
 55194 | Slime:5  | Identified the +3 great sword "Opeoseid" {flame, Str+3}
 55243 | Slime:5  | Got the Precepts of the Jaunt
 55254 | Slime:5  | Learned a level 8 spell: Disjunction
 55256 | Slime:5  | Got a slimy rune of Zot
 56085 | Depths:3 | Voluntarily entered the Abyss.
 56159 | Abyss:1  | Found a corrupted altar of Lugonu.
 56189 | Abyss:1  | Found a corrupted altar of Lugonu.
 56424 | Abyss:1  | Received a gift from Okawaru
 56580 | Abyss:2  | Received a gift from Okawaru
 56702 | Abyss:3  | Found a corrupted altar of Lugonu.
 56736 | Abyss:3  | Found a corrupted altar of Lugonu.
 56784 | Abyss:3  | Found a corrupted altar of Lugonu.
 56843 | Abyss:3  | Found a corrupted altar of Lugonu.
 56856 | Abyss:3  | Found a corrupted altar of Lugonu.
 56892 | Abyss:3  | Found a corrupted altar of Lugonu.
 56930 | Abyss:3  | Reached skill level 10 in Dodging
 56941 | Abyss:3  | Found a corrupted altar of Lugonu.
 56945 | Abyss:3  | Found a corrupted altar of Lugonu.
 56973 | Abyss:3  | Received a gift from Okawaru
 57433 | Abyss:3  | Received a gift from Okawaru
 57791 | Abyss:4  | Noticed an ancient lich
 57799 | Abyss:4  | Killed an ancient lich
 57811 | Abyss:4  | Reached XP level 27. HP: 288/323 MP: 14/42
 57846 | Abyss:4  | Identified the +0 cloak of Opna {Str+4 Int+2} (Okawaru
                  | gifted it to you on level 4 of the Abyss)
 57846 | Abyss:4  | Received a gift from Okawaru
 57861 | Abyss:4  | Got an abyssal rune of Zot
 57996 | Abyss:4  | Found a corrupted altar of Lugonu.
 58193 | Depths:3 | Escaped the Abyss
 58300 | Zot:1    | Entered Level 1 of the Realm of Zot
 58407 | Zot:1    | Found the ring of Shadows {Umbra +Inv Stlth+}
 59323 | Zot:1    | Identified the +5 broad axe of Teus {protect, Str+7 Dex-4
                  | SInv}
 60034 | Zot:2    | Upgraded the game from 0.30-a0-586-g23e55c9e0a to
                  | 0.30-a0-591-g3c58d2bc28
 60113 | Zot:2    | Received a gift from Okawaru
 60800 | Zot:3    | Received a gift from Okawaru
 61242 | Zot:3    | Received a gift from Okawaru
 61973 | Zot:3    | Received a gift from Okawaru
 62444 | Zot:4    | Received a gift from Okawaru
 62552 | Zot:4    | Received a gift from Okawaru
 63542 | Zot:4    | Received a gift from Okawaru
 63792 | Zot:5    | Entered Level 5 of the Realm of Zot
 64074 | Zot:5    | Identified the +3 war axe of Utam {protect, Dex+3}
 64189 | Zot:5    | Identified the +0 troll leather armour of Nel Veon {rN+
                  | Regen+ rCorr Str+4 Dex+2} (Okawaru gifted it to you on
                  | level 5 of the Realm of Zot)
 64189 | Zot:5    | Received a gift from Okawaru
 64604 | Zot:5    | Noticed an ancient lich
 64606 | Zot:5    | Killed an ancient lich
 64606 | Zot:5    | Noticed an ancient lich
 64810 | Zot:5    | Noticed an orb of fire
 64819 | Zot:5    | Noticed a dread lich
 64835 | Zot:5    | Killed an orb of fire
 64835 | Zot:5    | Noticed an orb of fire
 64859 | Zot:5    | Killed a dread lich
 64860 | Zot:5    | Reached skill level 15 in Armour
 64862 | Zot:5    | Killed an orb of fire
 65205 | Zot:5    | Noticed a dread lich
 65207 | Zot:5    | Noticed a dread lich
 65211 | Zot:5    | Killed a dread lich
 65221 | Zot:5    | Noticed an ancient lich
 65229 | Zot:5    | Killed an ancient lich
 65300 | Zot:5    | Killed a dread lich
 65302 | Zot:5    | Noticed a dread lich
 65318 | Zot:5    | Killed a dread lich
 65791 | Zot:5    | Killed an ancient lich
 65814 | Zot:5    | Noticed an orb of fire
 65822 | Zot:5    | Killed an orb of fire
 65918 | Zot:5    | Identified the +10 hand axe "Xeolepp" {flame, *Rage Fly
                  | Int-3 Dex+8} (Okawaru gifted it to you on level 5 of the
                  | Realm of Zot)
 65918 | Zot:5    | Received a gift from Okawaru
 65941 | Zot:5    | Noticed an orb of fire
 65945 | Arena    | Entered the Arena
 65983 | Zot:5    | Killed an orb of fire
 66496 | Zot:5    | Got the Orb of Zot
 67044 | D:5      | Reached skill level 15 in Dodging
 67143 | D:$      | Escaped with the Orb!

Illustrated notes

Levels and vault maps discovered:
D:1:      nicolae_arrival_somewhat_less_tricky_arrival, layout_basic,
          hellmonk_ecumenical_altar_blasted
D:2:      layout_basic, minmay_misc_feat_rugged
D:3:      layout_basic, ashenzari_conservatory_becter, uniq_robin
D:4:      layout_loops_corners, minmay_temple_entry_overgrown, uniq_natasha,
          uniq_eustachio
D:5:      layout_gridville, zin_statuary,
          nicolae_dithmenos_through_a_glass_darkly, minmay_divided_ellipse,
          uniq_sigmund
D:6:      layout_rooms, elyvilon_altar_4, lemuel_doored_altar
D:7:      layout_cave_pods
D:8:      nzn_winding_woodlands_cross [nzn_winding_woodlands_5x15_parted,
          nzn_winding_woodlands_5x15_default, nzn_winding_woodlands_5x15_pool,
          nzn_winding_woodlands_5x15_garden,
          nzn_winding_woodlands_15x15_killbox], layout_gridville,
          gammafunk_temple_overflow_forgotten, onia_ninara_dug_in_and_dangerous,
          uniq_amaemon
D:9:      layout_gridville, lemuel_tele_altar, dk_xom_monty_hall,
          minmay_ruffians
D:10:     layout_long_grid, nicolae_kikubaaqudgha_miasma_corner,
          david_lair_shrubbed, minivault_27, nicolae_diode_stairs
D:11:     minmay_the_grid_triangle_9x9_rhombus_thin_mashed
          [minmay_the_grid_triangle_9x9_negative_grid,
          minmay_the_grid_triangle_9x9_prize_top_heavy,
          minmay_the_grid_triangle_9x9_zippers_horizontal,
          minmay_the_grid_triangle_9x9_semitri], layout_irregular_city,
          minivault_23
D:12:     layout_grid_maze, orc_0_dummy, serial_ice, serial_ice_o, serial_ice_l,
          serial_ice_a, serial_ice_d, portal_ice_cave_entry_ice_simulacra
D:13:     layout_cave_pools, ximxim_vaults_locker_room
D:14:     layout_irregular_city, cheibriados_altar_1
D:15:     grunt_enter_depths_hoard, layout_gridville, gauntlet_entry_generic,
          hangedman_abyss_or_decor_stagger
Temple:   minmay_freezing_vapour_temple
Lair:1:   layout_regular_city, serial_bayou_shore_b, uniq_joseph
Lair:2:   layout_long_grid, minmay_swamp_entry_worms,
          minmay_snake_entry_guardpost_small, gammafunk_ghost_necromancy
Lair:3:   layout_loops_ring
Lair:4:   layout_roguey, nicolae_slime_entry_slimehenge, uniq_josephine
Lair:5:   cheibrodos_lair_end_hotspot, layout_hall_layers
Swamp:1:  layout_basic_swamp, hangedman_swamp_ruin_wall, swamp_pool1,
          uniq_jorgrun
Swamp:2:  layout_basic_swamp, evilmike_swamp_ruin_house_6,
          nicolae_swamp_super_fun_site, infiniplex_staircase_pool, uniq_kirke
Swamp:3:  layout_basic_swamp, gammafunk_ghost_mausoleum,
          evilmike_swamp_ruin_house_2, uniq_mlioglotl
Swamp:4:  swamp_basic_johnstein, layout_basic_swamp
Snake:1:  layout_concentric_octagons
Snake:2:  layout_layer_cave
Snake:3:  layout_onion, serial_shops, nicolae_stop_n_shop_1,
          ebering_ghost_disaster_area, grunt_ministairs_12,
          nicolae_shop_gadgets, grunt_megastairs_4, uniq_aizul
Snake:4:  snake_pit, layout_cave_town, minmay_shop_star, uniq_nikola, uniq_mara
Slime:1:  nicolae_slime_pool, layout_caves
Slime:2:  layout_caves
Slime:3:  layout_caves
Slime:4:  layout_caves
Slime:5
Orc:1:    layout_caves
Orc:2:    grunt_orc_gardens, layout_caves, grunt_orc_garden, grunt_orc_garden,
          grunt_orc_garden, grunt_orc_garden
Elf:1:    minmay_elf_arrival_plus, layout_geoelf_grid, basic_altar,
          serial_shops, nicolae_shop_window_shopping, evilmike_minifort,
          elves_outpost_lemuel, uniq_donald
Elf:2:    nicolae_elf_blades_crystal_corner, layout_geoelf_octagon,
          serial_shops, nicolae_shop_behind_doors, nicolae_shop_self_help
Elf:3:    minmay_elf_hall_statues, layout_geoelf_octagon, serial_shops, shop,
          uniq_asterion
Vaults:1: ontoclasm_vaults_decontamination, vaults_room_pools, v_alt_pattern_1,
          vaults_room_fancy_cross, vaults_dpeg_ring,
          nicolae_vaults_little_squares_5, vaults_room_stairs_pillars,
          layout_vaults_omnigrid, serial_shops, shop
Vaults:2: v_misc_16, grunt_vaults_hallway_long, v_misc_16,
          nicolae_vaults_rhombus_5, hangedman_vaults_locks, v_misc_30,
          ontoclasm_vaults_echo, hangedman_vaults_restitches,
          minmay_crypt_entry_skeletal_spiral, nicolae_vaults_circle_grid_a,
          v_alt_pattern_1, nicolae_vaults_little_ls, layout_vaults_maze
Vaults:3: vaults_room_ringed_pool, v_misc_13, vaults_mumra_hex, v_misc_11,
          grunt_vaults_hallway_short, vaults_dpeg_cross, gammafunk_sealed_arena,
          hangedman_vaults_stitches, ontoclasm_vaults_misaligned,
          ontoclasm_vaults_fault, v_misc_12, v_misc_26, hangedman_vaults_cutoff,
          v_misc_23, layout_vaults_omnibox, serial_shops, shop_fountains
Vaults:4: nicolae_vaults_theta, st_octagons_2, nicolae_vaults_network_s,
          nicolae_vaults_three_branches, vaults_room_pool,
          vaults_room_door_hall, vaults_room_fancy_cross,
          hangedman_vaults_nodes, nicolae_vaults_shelves_hall, v_misc_22,
          hangedman_vaults_capsules, layout_vaults_omnicross
Vaults:5
Crypt:1:  layout_chaotic_city, uniq_zenata
Crypt:2:  layout_gridlike, minmay_guarded_unrand_vampires_tooth
Crypt:3:  david_glass_crypt, layout_misc_corridors
Depths:1: layout_cave_shapes, grunt_mini_vestibule, fedhas_altar_2,
          grunt_pan_entry_in_and_out, fiery_altar_vehumet, uniq_saint_roka
Depths:2: thingy_vault, layout_gridlike, pf_hell_entry_tar_spiral,
          nicolae_concentric_dashed_squares_wild, grunt_pan_entry_zigzag,
          serial_shops, shop, nicolae_gozag_seed_capital,
          minmay_staircase_windowed_small
Depths:3: kennysheep_bubbly, layout_small_grid, hell_entry,
          hangedman_abyss_entry_splay, serial_shops, bzr_entry_customers
Depths:4: grunt_twist_and_shout, layout_cave_shapes, enter_ziggurat_e,
          grunt_hell_entry_dis_grunt, rand_demon_pan_entry_4, uniq_xtahua
Zot:1:    layout_cathedral_of_symmetry, bh_zot_lava_cross,
          st_single_dragon_hoard_2, grunt_ministairs_2
Zot:2:    circus_mu, layout_misc_corridors
Zot:3:    layout_basic, skrybe_zot_glass_3
Zot:4:    layout_concentric_octagons, lemuel_baited_zot_trap, grunt_megastairs_1
Zot:5:    layout_basic, grunt_ministairs_2, st_stairs_9

Skill      XL: |  1  2  3  4  5  6  7  8  9 10 11 12 13 14 15 16 17 18 19 20 21 22 23 24 25 26 27 |
---------------+----------------------------------------------------------------------------------+-----
Fighting       | 5 6 7 8 10 11 12 14 15 16 17 18 19 20 21 22 23 24 25 26 27 | 27.0
Fire Magic     | 3 |  3.0
Spellcasting   | 2 3 5 7 9 10 12 | 12.0
Throwing       | 2 3 4 6 7 8 10 11 12 14 16 17 18 19 20 21 22 23 25 | 25.5
Maces & Flails | 1 4 5 7 8 9 10 11 12 13 14 15 16 17 18 19 20 21 | 21.8
Evocations     | 3 4 |  4.0
Armour         | 2 3 4 5 6 7 9 10 11 13 15 | 15.9
Dodging        | 2 3 4 7 8 10 15 | 15.0
Stealth        | 2 |  2.6
Ice Magic      | 4 |  4.0
Translocations | 1 5 6 7 8 10 11 12 13 14 | 14.0
Invocations    | 2 6 9 11 12 13 14 | 14.0
Shields        | 4 6 7 |  7.0
Axes           | |  3.9

Action                   |  1- 3 |  4- 6 |  7- 9 | 10-12 | 13-15 | 16-18 | 19-21 | 22-24 | 25-27 || total
-------------------------+-------+-------+-------+-------+-------+-------+-------+-------+-------++-------
Melee: Hand axe          |    91 |    36 |       |       |       |       |       |       |       ||   127
       Punch             |     3 |       |       |     4 |     9 |       |       |       |       ||    16
       Short sword       |       |    22 |     5 |       |       |       |       |       |       ||    27
       Trident           |       |       |    26 |       |       |       |       |       |       ||    26
       Dire flail        |       |       |    60 |       |       |       |       |       |       ||    60
       Demon whip        |       |       |    34 |   554 |   892 |   682 |   569 |   535 |  1110 ||  4376
       Morningstar       |       |       |       |       |    17 |       |       |       |       ||    17
Throw: Stone             |    12 |     7 |     8 |     3 |   128 |    20 |   110 |     7 |    43 ||   338
       Boomerang         |       |    19 |    72 |   102 |     4 |   171 |   103 |       |    36 ||   507
       Dart              |       |       |       |    65 |   325 |    51 |    61 |    13 |     2 ||   517
       Large rock        |       |       |       |    16 |   169 |   306 |   204 |   419 |   835 ||  1949
       Throwing net      |       |       |       |     1 |     3 |       |       |     2 |       ||     6
       Javelin           |       |       |       |       |    34 |    35 |    46 |    76 |   130 ||   321
 Cast: Scorch            |    17 |    40 |    98 |    29 |    47 |       |       |       |       ||   231
       Ozocubu's Armour  |       |       |       |       |    46 |     6 |     4 |     3 |       ||    59
       Apportation       |       |       |       |       |     5 |    28 |     4 |    28 |   150 ||   215
       Blink             |       |       |       |       |    22 |     5 |    11 |    12 |    42 ||    92
       Frozen Ramparts   |       |       |       |       |    16 |       |     1 |     3 |       ||    20
       Manifold Assault  |       |       |       |       |    15 |   111 |   143 |   112 |   265 ||   646
       Kindle Blastspark |       |       |       |       |     5 |       |       |       |       ||     5
       Gell's Gravitas   |       |       |       |       |       |       |    25 |    23 |    12 ||    60
       Lesser Beckoning  |       |       |       |       |       |       |       |    11 |       ||    11
       Dispersal         |       |       |       |       |       |       |       |     1 |    34 ||    35
Invok: Fiery Armour      |     1 |     2 |     1 |     6 |       |       |       |       |       ||    10
       Foxfire Swarm     |       |       |     2 |       |       |       |       |       |       ||     2
       Heroism           |       |       |       |       |     6 |    17 |     8 |    11 |    13 ||    55
       Rising Flame      |       |       |       |       |     1 |       |       |       |       ||     1
       Renounce Religion |       |       |       |       |     1 |       |       |       |       ||     1
       Finesse           |       |       |       |       |       |     9 |     1 |     6 |     7 ||    23
       Duel              |       |       |       |       |       |       |       |     2 |     1 ||     3
Evoke: Wand              |       |       |     2 |    14 |    37 |     7 |     1 |     1 |     3 ||    65
       Condenser vane    |       |       |       |       |       |     1 |     4 |     1 |       ||     6
       Phial of floods   |       |       |       |       |       |       |     1 |       |       ||     1
       Lightning rod     |       |       |       |       |       |       |     1 |     1 |       ||     2
  Use: Scroll            |       |       |    20 |     4 |    18 |     9 |     6 |     5 |     3 ||    65
       Potion            |       |       |     2 |    10 |     3 |     3 |     3 |    14 |    14 ||    49
 Stab: Invisible         |       |       |       |     4 |     2 |       |       |       |       ||     6
       Petrified         |       |       |       |     3 |       |       |       |       |       ||     3
       Sleeping          |       |       |       |       |       |     1 |     1 |       |       ||     2
       Distracted        |       |       |       |       |       |       |       |     1 |       ||     1
Armor: Robe              |    25 |    18 |    71 |    13 |       |       |       |       |       ||   127
       Skin              |       |       |       |    30 |       |       |       |       |       ||    30
       Troll leather arm |       |       |       |   123 |   336 |   170 |    52 |     7 |       ||   688
       Fire dragon scale |       |       |       |       |       |       |       |     8 |       ||     8
       Quicksilver drago |       |       |       |       |       |       |       |    79 |   176 ||   255
Dodge: Dodged            |    52 |    47 |    78 |   199 |   249 |   111 |    72 |    58 |   168 ||  1034
Block: Kite shield       |       |       |       |       |    20 |   114 |       |       |       ||   134
       Orb               |       |       |       |       |       |       |    33 |    18 |    21 ||    72
       Reflection        |       |       |       |       |       |       |     7 |     2 |     1 ||    10

Table legend: (Time is in decaauts)
 A = Elapsed time spent in this place.
 B = Non-inter-level travel time spent in this place.
 C = Inter-level travel time spent in this place.
 D = Time resting spent in this place.
 E = Time spent auto-exploring this place.
 F = Levels seen in this place.
 G = Mean time per level.
                   A        B        C        D        E       F      G
               +--------+--------+--------+--------+--------+-----+--------+
         Total |  65029 |  58322 |   6707 |   8010 |  25111 |  66 |  985.3 |
       Dungeon |  16741 |  14303 |   2438 |   1151 |   7129 |  15 | 1116.1 |
        Temple |     14 |     14 |      0 |      0 |      0 |   1 |   14.0 |
          Lair |   5867 |   5091 |    776 |    343 |   1492 |   5 | 1173.4 |
         Swamp |   2951 |   2799 |    152 |    252 |   1106 |   4 |  737.8 |
     Snake Pit |   4874 |   4306 |    568 |    154 |   2263 |   4 | 1218.5 |
    Slime Pits |   2988 |   2640 |    348 |    422 |   1495 |   5 |  597.6 |
  Orcish Mines |   1728 |   1586 |    142 |      0 |    746 |   2 |  864.0 |
   Elven Halls |   3637 |   3303 |    334 |    662 |   1388 |   3 | 1212.3 |
        Vaults |   7842 |   6829 |   1013 |    823 |   3739 |   5 | 1568.4 |
         Crypt |   2881 |   2763 |    118 |    520 |    965 |   3 |  960.3 |
        Depths |   4686 |   4237 |    449 |    748 |   1829 |   4 | 1171.5 |
           Zot |   8127 |   7762 |    365 |   2650 |   2771 |   5 | 1625.4 |
         Abyss |   1898 |   1898 |      0 |    184 |    186 |   4 |  474.5 |
        Bazaar |     30 |     30 |      0 |      0 |      2 |   1 |   30.0 |
      Ice Cave |    373 |    373 |      0 |     79 |      0 |   1 |  373.0 |
      Gauntlet |    336 |    336 |      0 |      0 |      0 |   1 |  336.0 |
         Arena |     49 |     49 |      0 |     18 |      0 |   3 |   16.3 |
               +--------+--------+--------+--------+--------+-----+--------+

Top non-repeatable levels by time:
   Zot:5: 2530 daAuts
Vaults:2: 1865 daAuts
   Zot:1: 1781 daAuts
Vaults:5: 1714 daAuts
  Lair:5: 1686 daAuts
Vaults:4: 1567 daAuts
   Zot:4: 1565 daAuts
     D:8: 1494 daAuts
   Elf:1: 1494 daAuts
Vaults:1: 1430 daAuts
Depths:4: 1423 daAuts
 Snake:2: 1422 daAuts
Depths:2: 1394 daAuts
    D:12: 1376 daAuts
    D:10: 1368 daAuts
